 Dungeon Crawl Stone Soup version 0.19-a0-994-g3c636f0 (webtiles) character file.

104142 Liquid the Brawler (level 15, -6/125 HPs)
             Began as a Demonspawn Chaos Knight on July 14, 2016.
             Blown up by an eye of devastation (28 damage)
             ... with a bolt of energy
             ... on level 2 of the Shoals on July 15, 2016.
             The game lasted 01:42:39 (24509 turns).

Liquid the Brawler (Demonspawn Chaos Knight)       Turns: 24509, Time: 01:42:40

Health: -6/125     AC: 29    Str: 17    XL:     15   Next: 91%
Magic:  19/19      EV:  8    Int: 21    God:    Xom [*.....]
Gold:   523        SH: 14    Dex: 13    Spells: 4 memorised, 6 levels left

rFire  + + .     SeeInvis .       - Unarmed
rCold  + . .     Gourm    .     Z - +7 plate armour of Yxyzyn {-Tele Regen+ Int+6 Stlth+}
rNeg   . . .     Faith    .     m - +1 shield {rF+}
rPois  +         Spirit   .     r - +0 hat {MR+}
rElec  .         Dismiss  .     e - +2 cloak {rPois}
rCorr  .         Reflect  +     (gloves unavailable)
SustAt .         Harm     .     (no boots)
MR     ++...     NoTele   +     E - +2 amulet of reflection
Stlth  ..........               u - +4 ring of protection
                                t - ring of protection from cold

@: marked, slowed, studying Earth Magic, very slow, very resistant to hostile
enchantments, extremely unstealthy
A: antennae 1, claws 3, fangs 1, talons 2, demonic guardian 2, fire resistance
1, foul stench 1, mutation resistance 2, regeneration 1, screaming 1, rot
immunity, flame cloud immunity
a: Renounce Religion


You were on level 2 of the Shoals.
You worshipped Xom.
You were a special plaything of Xom.
You were not hungry.

You visited 5 branches of the dungeon, and saw 26 of its levels.
You also visited: Labyrinth, Ice Cave and Volcano.

You collected 2669 gold pieces.
You spent 2146 gold pieces at shops.

Inventory:

Hand Weapons
 N - a +0 scimitar of flaming
Armour
 e - a +2 cloak of poison resistance (worn)
 m - a +1 shield of fire resistance (worn)
 r - a +0 hat of magic resistance (worn)
 Z - the +7 plate armour of Yxyzyn (worn) {-Tele Regen+ Int+6 Stlth+}
   (You found it on level 13 of the Dungeon)

   It affects your intelligence (+6).
   It prevents most forms of teleportation.
   It increases your rate of regeneration.
   It makes you more stealthy.
Jewellery
 a - an uncursed ring of protection from cold
 g - an uncursed ring of see invisible
 t - a ring of protection from cold (left claw)
 u - a +4 ring of protection (right claw)
 E - a +2 amulet of reflection (around neck)
Wands
 y - a wand of digging (11/24)
 B - a wand of disintegration (14/24)
 D - a wand of heal wounds (3/9)
 T - a wand of teleportation (7/9)
Scrolls
 d - 3 scrolls of enchant weapon
 h - 4 scrolls of amnesia
 o - 3 scrolls of magic mapping
 q - 5 scrolls of recharging
 F - a scroll of fear
 I - 2 scrolls of blinking
 J - 5 scrolls of teleportation
 M - 7 scrolls of remove curse
 O - a scroll of fog
 P - 4 scrolls of enchant armour
 Q - a scroll of brand weapon
 U - a scroll of summoning
Potions
 c - 14 potions of curing
 f - 6 potions of flight
 j - a potion of might
 k - 4 potions of resistance
 n - 10 potions of lignification
 p - 3 potions of cure mutation
 s - 5 potions of agility
 v - a potion of haste
 w - 2 potions of ambrosia
 x - 3 potions of magic
 A - 2 potions of cancellation
 G - a potion of brilliance
 H - 4 potions of invisibility
 L - 3 potions of berserk rage
Books
 i - a book of the Earth

   Spells                             Type                      Level
   a - Leda's Liquefaction            Hexes/Earth                  4
   b - Bolt of Magma                  Conjuration/Fire/Earth       5
   c - Statue Form                    Transmutation/Earth          6
   d - Iron Shot                      Conjuration/Earth            6
   e - Shatter                        Earth                        9
 K - a manual of Earth Magic
Miscellaneous
 V - a phantom mirror
 X - a sack of spiders
Comestibles
 b - 9 bread rations
 l - 10 meat rations
 z - 2 chunks of flesh
 W - 8 royal jellies


   Skills:
 - Level 13.7 Fighting
 + Level 10.6 Armour
 - Level 10.0 Dodging
 * Level 8.7 Shields
 * Level 16.0 Unarmed Combat
 - Level 2.7 Spellcasting


You had 6 spell levels left.
You knew the following spells:

 Your Spells              Type           Power        Failure   Level  Hunger
a - Passage of Golubria   Tloc           N/A          100%        4    ####...
b - Apportation           Tloc           #.........   100%        1    None
c - Passwall              Tmut/Erth      #.........   100%        2    ##.....
d - Statue Form           Tmut/Erth      #........    100%        6    #######


Dungeon Overview and Level Annotations

Branches:
Dungeon (15/15)            Temple (0/1) D:7            Lair (6/6) D:10
 Shoals (2/4) Lair:4        Snake (1/4) Lair:3        Slime (0/5) Lair:6
    Orc (2/2) D:12            Elf (0/3) Orc:2        Vaults (0/5) D:14
 Depths (0/5) D:15

Altars:
Ashenzari
Dithmenos
Elyvilon
Fedhas
Hepliaklqana
Kikubaaqudgha
Okawaru
Pakellas
Qazlal
Ru
Trog
Uskayaw
Xom
Yredelemnul
Zin
The Shining One
Beogh

Shops:
D:5 :   D:7 !   D:8 *   D:10 (   D:12 ?   D:14 }   Orc:2 [(*:

Annotations:
Lair:2 exclusion: oklob plant


Innate Abilities, Weirdness & Mutations

You have a pair of small antennae on your head.
You have claws for hands.
You have razor-sharp toenails.
A demonic guardian rushes to your aid.
Your flesh is heat resistant. (rF+)
You may emit foul miasma when damaged in melee.
You are immune to rotting.
You are immune to clouds of flame.
You have very sharp teeth.
You are somewhat resistant to both further mutation and mutation removal.
Your natural rate of healing is unusually fast.
You occasionally shout uncontrollably at your foes.


Message History

You block the alligator snapping turtle's attack.
The faun hits you but does no damage. The eye of devastation gazes at you.
The bolt of energy hits you!
Your ice devil splashes around in the water.
The water nymph touches your ice devil. The water nymph drowns your ice devil!
Unknown command.
You closely miss the faun. You claw the faun.
The faun is almost dead.
The water nymph flows with the water.
The faun gestures at you while chanting.
You resist with almost no effort.
The alligator snapping turtle bites you from afar!!
* * * LOW HITPOINT WARNING * * *
Your ice devil splashes around in the water.
The water nymph touches your ice devil. The water nymph drowns your ice devil!
The eye of devastation gazes at you. The bolt of energy hits you!
You die...
Xom cackles wildly!

.. ....≈≈≈≈≈≈≈ .. .(#
....≈≈≈≈≈≈≈ #. #.###
#..P.P.P≈≈≈≈PP#.
###...###.....P.≈≈≈≈≈≈≈.
#..........≈≈≈P.P≈≈≈≈≈≈≈
#.......P.≈≈≈≈≈.≈≈≈≈≈≈.
#.........≈≈≈≈≈≈≈≈≈≈≈≈.
##≈≈4c.§§.≈≈≈≈≈≈≈≈≈≈≈≈≈ ##
##≈≈mG)@§§.....P..≈≈≈≈≈≈
###.##≈≈≈)t##§≈............≈≈
.....≈≈≈≈H###≈m≈.....####..≈≈
.≈..≈...(..##≈≈).....# #.≈≈≈
≈≈G.....(P##....≈≈...####.≈≈≈
≈≈P.P≈.........≈≈≈≈......≈≈≈≈
≈≈≈≈≈≈P≈PPPP.≈≈..≈≈≈........≈
≈≈≈≈≈≈≈≈≈PP..≈≈..............
≈≈≈(≈≈≈≈P≈P.P≈..#..........##


You could see an alligator snapping turtle, an eye of devastation, a faun, 2
water nymphs, a hippogriff and a friendly ice devil.

Vanquished Creatures
  Saint Roka (Orc:2)
  Gastronok (Lair:1)
  6 dire elephants (Lair:6)
  The ghost of MordorOrchid the Grappler, a journeyman TrBe of Trog (D:13)
  A merfolk javelineer (Shoals:1)
  2 blizzard demons (IceCv)
  A minotaur (Lab)
  2 hydras
  The ghost of Shenda the Spear-Bearer, a journeyman VSFi of Okawaru (D:13)
  A death knight (D:14)
  5 vault guards (D:14)
  An anaconda (Lair:6)
  2 tengu warriors (D:15)
  A death yak (Lair:6)
  A shock serpent (Lair:3)
  3 orc high priests
  2 unseen horrors
  A wizard (D:14)
  A lindwurm (shapeshifter) (D:15)
  An obsidian statue (Shoals:1)
  2 hill giants
  2 sea snakes (Shoals:1)
  Pikel (D:7)
  2 wolf spider zombies
  A swamp dragon (shapeshifter) (D:14)
  5 orc knights
  3 slime creatures
  A hornet (shapeshifter) (D:15)
  7 ugly things
  A mana viper (Lair:3)
  5 griffons
  6 orc sorcerers
  8 manticores
  5 cyclopes
  2 toenail golems (Volcano)
  4 sirens
  2 elephants (Lair:6)
  A black mamba (Lair:1)
  2 torpor snails
  A molten gargoyle (Volcano)
  2 water nymphs (Shoals:2)
  2 gargoyles
  An ice statue (IceCv)
  2 spiny frogs
  A rime drake (Lair:4)
  7 komodo dragons
  5 anaconda simulacra (IceCv)
  3 freezing wraiths
  7 ice devils (IceCv)
  An efreet (D:15)
  A queen bee (D:11)
  A polar bear (Lair:6)
  10 trolls
  11 merfolk
  A harpy skeleton (D:15)
  6 two-headed ogres
  Prince Ribbit (D:9)
  5 snapping turtles
  7 blink frogs
  17 flying skulls (D:14)
  2 centaur simulacra
  2 redbacks (Lab)
  4 wraiths
  2 basilisks
  18 yaks
  5 water elementals
  A shadow (D:12)
  4 dire elephant simulacra (IceCv)
  2 wyverns
  5 fire elementals (Volcano)
  13 hippogriffs
  A steam dragon (Lair:6)
  5 wargs
  4 harpy simulacra (IceCv)
  2 hungry ghosts
  2 mottled dragons
  2 vampire mosquitoes (D:12)
  3 iron troll simulacra (IceCv)
  2 hydra simulacra (IceCv)
  3 nagas
  A soldier ant (D:13)
  11 water moccasins
  4 black bears
  8 giant frogs
  33 orc warriors
  6 porcupines
  2 sky beasts
  A slave (D:7)
  6 ice beasts
  An eye of draining (D:11)
  A phantom (D:12)
  A wasp (D:11)
  A necrophage (D:8)
  21 ogres
  14 wolves
  4 centaurs
  A big kobold (D:14)
  16 crocodiles
  2 scorpions
  A wyvern skeleton (D:10)
  18 killer bees
  3 wights (D:8)
  6 howler monkeys
  5 crimson imps
  4 draconian simulacra (IceCv)
  6 hounds
  4 jellies
  A quasit (D:12)
  A giant frog zombie (D:10)
  Crazy Yiuf (D:7)
  6 centaur skeletons
  39 orc priests
  24 orc wizards
  2 giant frog skeletons
  8 iguanas
  2 spriggan simulacra (IceCv)
  A polar bear simulacrum (IceCv)
  11 worker ants
  2 troll simulacra (IceCv)
  2 wolf simulacra (IceCv)
  22 sheep
  A hound skeleton (D:7)
  Robin (D:4)
  A howler monkey skeleton (D:7)
  39 river rats
  14 adders
  2 naga simulacra (IceCv)
  5 ogre simulacra (IceCv)
  A shadow imp (D:6)
  6 white imps (IceCv)
  4 ufetubi (IceCv)
  2 oozes
  An adder skeleton (D:4)
  3 adder zombies
  3 dart slugs
  A worm (D:6)
  3 giant geckos
  114 orcs
  A ball python (D:7)
  6 giant cockroaches
  12 goblins
  9 hobgoblins
  6 jackals
  11 kobolds
  5 quokkas
  7 bats
  A giant newt (shapeshifter) (Orc:1)
  8 giant newts
  A quokka skeleton (D:5)
  17 rats
  A bush (Lair:2)
  2 plants
860 creatures vanquished.

Vanquished Creatures (collateral kills)
  Aizul (Shoals:1)
  3 vault guards (D:14)
  2 hydras
  A merfolk avatar (Shoals:2)
  2 orc high priests (Orc:2)
  A giant orange brain (D:15)
  A sea snake (Shoals:1)
  A griffon (Lair:2)
  An ugly thing (D:15)
  An orc sorcerer (Orc:2)
  2 slime creatures
  A black mamba (Lair:3)
  2 elephants (Lair:6)
  2 centaur skeletons
  An anaconda simulacrum (IceCv)
  A komodo dragon (Lair:3)
  A troll (D:10)
  6 blink frogs
  A two-headed ogre (shapeshifter) (D:15)
  A two-headed ogre (D:10)
  A snapping turtle (Shoals:1)
  14 yaks
  A hippogriff (Lair:1)
  2 nagas (Lair:3)
  A soldier ant (D:13)
  2 sky beasts
  6 orc warriors
  A slave (D:7)
  4 wolves
  A centaur (D:10)
  A crocodile (Lair:3)
  2 giant frogs
  A killer bee (D:11)
  A wight (D:8)
  4 orc priests
  A jelly (Lair:6)
  2 worker ants (D:7)
  A sheep (Lair:6)
  3 river rats (Lair:2)
  22 orcs
  A giant cockroach (D:4)
  A rat (D:6)
  A bush (Lair:2)
  A fungus (Lair:1)
107 creatures vanquished.

Vanquished Creatures (others)
  Josephine (Shoals:1)
  A death knight (D:14)
  A cyclops (Orc:2)
  Grum (D:8)
  2 orc warriors (Orc:2)
  A slave (D:7)
  A wolf (D:8)
  A giant frog (D:8)
  A jelly (D:8)
  2 orcs
  A fire vortex (Volcano)
  A fungus (D:8)
  9 plants
23 creatures vanquished.

Grand Total: 990 creatures vanquished

Notes
Turn   | Place    | Note
-------+----------+-------------------------------------------
     0 | D:1      | Liquid the Demonspawn Chaos Knight began the quest for the Orb.
     0 | D:1      | Reached XP level 1. HP: 18/18 MP: 1/1
    76 | D:1      | XOM: harmless Necr miscast
   203 | D:1      | Reached skill level 3 in Unarmed Combat
   229 | D:1      | XOM: divination: magic mapping
   232 | D:1      | Gained mutation: You have a pair of small antennae on your head. [demonic ancestry]
   232 | D:1      | Reached XP level 2. HP: 16/24 MP: 2/2
   761 | D:1      | XOM: divination: magic mapping
   764 | D:1      | XOM: harmless Tmut miscast
   794 | D:1      | XOM: scenery: 3 fountains blood, 2 doors open, 1 doors close
   818 | D:1      | Gained mutation: You have sharp fingernails. [demonic ancestry]
   818 | D:1      | Reached XP level 3. HP: 27/29 MP: 3/3
  1015 | D:2      | Reached skill level 4 in Unarmed Combat
  1072 | D:2      | Found a hazy altar of Hepliaklqana.
  1255 | D:2      | Found a glowing golden altar of the Shining One.
  1357 | D:2      | XOM: god gift: embroidered cloak {god gift}
  1443 | D:3      | XOM: butterfly on damage
  1454 | D:2      | XOM: cast spell 'Summon Hydra'
  1686 | D:3      | Gained mutation: You are immune to rotting. [demonic ancestry]
  1686 | D:3      | Reached XP level 4. HP: 12/35 MP: 4/4
  1900 | D:3      | Found a white marble altar of Elyvilon.
  2031 | D:3      | XOM: mild Necr miscast
  2033 | D:3      | Reached skill level 5 in Unarmed Combat
  2131 | D:3      | Reached skill level 1 in Dodging
  2220 | D:3      | XOM: give mutations
  2220 | D:3      | Gained mutation: You are resistant to electric shocks. (rElec) [Xom's grace]
  2220 | D:3      | Gained mutation: You passively map a small area around you. [Xom's grace]
  2228 | D:3      | Found an oddly glowing altar of Pakellas.
  2243 | D:3      | Found a basalt altar of Yredelemnul.
  2400 | D:3      | XOM is BORED!
  2437 | D:3      | Gained mutation: You have sharp toenails. [demonic ancestry]
  2437 | D:3      | Reached XP level 5. HP: 38/41 MP: 5/5
  2817 | D:4      | XOM: cast spell 'Statue Form'
  2821 | D:4      | Noticed an ogre
  2831 | D:4      | Killed an ogre
  2921 | D:4      | Noticed an ogre
  2925 | D:4      | XOM: harmless Conj miscast
  2926 | D:4      | XOM: enchant monster (bad)
  3037 | D:4      | Killed an ogre
  3037 | D:4      | Gained mutation: You have very sharp fingernails. [demonic ancestry]
  3037 | D:4      | Reached XP level 6. HP: 20/48 MP: 6/6
  3220 | D:4      | Found a hide-covered altar of Uskayaw.
  3239 | D:4      | Noticed Robin
  3248 | D:4      | XOM: blink monster(s)
  3345 | D:4      | XOM: swap monsters
  3355 | D:4      | XOM: harmless Chrm miscast
  3417 | D:4      | Killed Robin
  3503 | D:4      | XOM: enchant monster (good)
  3518 | D:4      | Gained mutation: A weak demonic guardian rushes to your aid. [demonic ancestry]
  3518 | D:4      | Reached XP level 7. HP: 43/55 MP: 7/7
  3530 | D:4      | XOM: potion effect (invisibility)
  3569 | D:5      | Entered Level 5 of the Dungeon
  3657 | D:5      | Found an iron altar of Okawaru.
  3721 | D:5      | Found a stormy altar of Qazlal.
  3775 | D:5      | Reached skill level 6 in Unarmed Combat
  3777 | D:5      | Found an ancient bone altar of Kikubaaqudgha.
  3871 | D:5      | Found Puivaces's Book Emporium.
  3893 | D:5      | XOM: blink monster(s)
  4307 | D:5      | XOM: medium Erth miscast
  4594 | D:6      | Reached skill level 5 in Fighting
  4610 | D:6      | Noticed a moth of wrath
  4613 | D:6      | Found a bloodstained altar of Trog.
  4613 | D:6      | XOM: summons friendly iron imp
  4679 | D:6      | XOM: summons 4 hostile shadow creatures
  4830 | D:6      | XOM: chaos upgrade
  4854 | D:6      | XOM: noise
  4859 | D:6      | XOM: harmless Erth miscast
  4887 | D:7      | XOM: harmless Ice miscast
  5114 | D:6      | XOM: repel stairs
  5117 | D:6      | XOM: enchant monster (bad)
  5124 | D:6      | Gained mutation: You have claws for hands. [demonic ancestry]
  5124 | D:6      | Reached XP level 8. HP: 40/63 MP: 8/8
  5444 | D:7      | XOM: enchant monster (good)
  5484 | D:7      | XOM: polymorph slave -> ice beast
  5485 | D:7      | Noticed Pikel
  5490 | D:7      | XOM: give mutation
  5490 | D:7      | Gained mutation: Your flesh is cold resistant. (rC+) [Xom's grace]
  5508 | D:7      | Killed Pikel
  5554 | D:7      | Found a runed door.
  5579 | D:7      | Reached skill level 7 in Unarmed Combat
  5637 | D:7      | XOM: 1-stop teleportation journey
  5639 | D:7      | Found Fagiene's Distillery.
  5643 | D:7      | XOM: cleaving
  5644 | D:7      | Reached skill level 5 in Dodging
  5708 | D:7      | Bought a potion of curing for 39 gold pieces
  5708 | D:7      | Bought 2 potions of agility for 104 gold pieces
  5708 | D:7      | Bought 2 potions of heal wounds for 130 gold pieces
  5708 | D:7      | Bought a potion of heal wounds for 65 gold pieces
  5745 | D:7      | Found a staircase to the Ecumenical Temple.
  5756 | D:7      | Gained mutation: You may emit foul miasma when damaged in melee. [demonic ancestry]
  5756 | D:7      | Reached XP level 9. HP: 53/71 MP: 9/9
  5936 | D:7      | Noticed Crazy Yiuf
  5940 | D:7      | Killed Crazy Yiuf
  6066 | D:8      | Noticed an angel
  6068 | D:8      | Found a shimmering altar of Xom.
  6070 | D:8      | XOM: enchant monster (good)
  6072 | D:8      | Found a glowing silver altar of Zin.
  6074 | D:8      | XOM: fake destruction
  6138 | D:8      | XOM: give mutation
  6138 | D:8      | Gained mutation: You are somewhat resistant to further mutation. [Xom's grace]
  6160 | D:8      | Reached skill level 5 in Armour
  6309 | D:8      | XOM: cloud trail
  6331 | D:8      | Found Zitaom's Assorted Antiques.
  6334 | D:8      | Bought a scroll labeled YRGHOON LUMMIZI for 24 gold pieces
  6386 | D:8      | Noticed Grum
  6388 | D:8      | Killed Grum
  6388 | D:8      | XOM: divine lightning (protected)
  6624 | D:8      | XOM: cloud trail
  6646 | D:8      | XOM: give mutations
  6646 | D:8      | Gained mutation: You are resistant to hostile enchantments. (MR+) [Xom's grace]
  6646 | D:8      | Gained mutation: Your natural rate of healing is unusually fast. [Xom's grace]
  6646 | D:8      | Gained mutation: Your mind is acute. (Int +2) [Xom's grace]
  6646 | D:8      | Gained mutation: You are somewhat resistant to both further mutation and mutation removal. [Xom's grace]
  6650 | D:8      | XOM: scenery: create altars
  6659 | D:8      | Found a sacrificial altar of Ru.
  6673 | D:8      | Reached skill level 8 in Unarmed Combat
  6732 | D:9      | Noticed Prince Ribbit
  6738 | D:9      | XOM: summons 8 friendly demons
  6741 | D:9      | Killed Prince Ribbit
  6876 | D:9      | XOM: polymorph ogre -> wyvern
  6881 | D:9      | Gained mutation: A demonic guardian rushes to your aid. [demonic ancestry]
  6881 | D:9      | Reached XP level 10. HP: 71/80 MP: 10/10
  6885 | D:9      | Found a shadowy altar of Dithmenos.
  6967 | D:9      | Found an iron altar of Okawaru.
  6971 | D:9      | Found a sacrificial altar of Ru.
  6976 | D:9      | Found a blossoming altar of Fedhas.
  6987 | D:9      | XOM: 5-stop teleportation journey
  7319 | D:10     | Entered Level 10 of the Dungeon
  7354 | D:10     | Learned a level 4 spell: Passage of Golubria
  7422 | D:10     | Killed an unseen horror
  7458 | D:10     | Learned a level 1 spell: Apportation
  7537 | D:10     | XOM: give mutations
  7537 | D:10     | Gained mutation: Your spells are a little harder to cast, but a little more powerful. [Xom's grace]
  7537 | D:10     | Gained mutation: You are almost entirely resistant to further mutation and mutation removal. [Xom's grace]
  7601 | D:10     | XOM: butterfly on damage
  7611 | D:10     | Found a staircase to the Lair.
  7611 | D:10     | XOM: 1-stop teleportation journey
  7696 | D:10     | XOM: scenery: 1 doors close
  7698 | D:10     | XOM: 1-stop teleportation journey
  7839 | D:10     | Found Xihiotzo's Weapon Shop.
  7949 | Lair:1   | Entered Level 1 of the Lair of Beasts
  8055 | Lair:1   | Noticed Gastronok
  8080 | Lair:1   | XOM: cast spell 'Summon Dragon'
  8087 | Lair:1   | Killed Gastronok
  8087 | Lair:1   | Reached skill level 9 in Unarmed Combat
  8097 | Lair:1   | XOM: scenery: create altars
  8098 | Lair:1   | XOM: mild Tmut miscast
  8129 | Lair:1   | Reached XP level 11. HP: 65/89 MP: 11/11
  8188 | Lair:1   | XOM: silly message
  8201 | Lair:1   | XOM: harmless Divn miscast
  8261 | Lair:1   | XOM: blink monster(s)
  8265 | Lair:1   | XOM: cast spell 'Dragon Form'
  8381 | Lair:1   | XOM: fake destruction
  8641 | Lair:1   | XOM: silly message
  8709 | D:10     | XOM: mild Tloc miscast
  8799 | D:8      | Bought a jewelled ring mail for 216 gold pieces
  8809 | D:8      | Identified the +0 ring mail of Birdsong {rElec rCorr Int-3 Slay-5} (You bought it in a shop on level 8 of the Dungeon)
  8884 | D:10     | XOM: cast spell 'Hydra Form'
  9090 | Lair:2   | XOM: harmless Summ miscast
  9092 | Lair:2   | XOM: confuse monster(s)
  9118 | Lair:2   | XOM: noise
  9141 | Lair:2   | XOM: give mutations
  9141 | Lair:2   | Lost mutation: Your mind is acute. (Int +2) [Xom's mischief]
  9141 | Lair:2   | Lost mutation: You are resistant to hostile enchantments. (MR+) [Xom's mischief]
  9141 | Lair:2   | Lost mutation: Your spells are a little harder to cast, but a little more powerful. [Xom's mischief]
  9180 | Lair:2   | Noticed a griffon
  9186 | Lair:2   | Killed a griffon
  9191 | Lair:2   | XOM: medium Summ miscast
  9197 | Lair:2   | Got a scorched leather armour
  9250 | Lair:2   | Identified the +1 leather armour "Xuzex Qak" {rElec rPois} (You found it on level 2 of the Lair of Beasts)
  9283 | Lair:2   | Found a blossoming altar of Fedhas.
  9305 | Lair:2   | XOM: medium Pois miscast
  9307 | Lair:2   | Noticed an oklob plant
  9374 | Lair:2   | XOM: 2-stop teleportation journey
  9385 | Lair:2   | XOM: potion effect (invisibility)
  9407 | Lair:2   | XOM: god gift: runed leather armour {god gift}
  9616 | Lair:2   | XOM: potion effect (invisibility)
  9830 | Lair:2   | XOM: scenery: create altars
  9948 | Lair:3   | XOM: summons 4 hostile demons
  9995 | Lair:3   | XOM: mild Erth miscast
 10008 | Lair:3   | Found a staircase to the Snake Pit.
 10024 | Lair:3   | XOM: medium Air miscast
 10142 | Lair:3   | Reached skill level 10 in Fighting
 10202 | Lair:3   | Reached skill level 10 in Unarmed Combat
 10349 | Lair:3   | Noticed a mana viper
 10353 | Lair:3   | XOM: swap monsters
 10358 | Lair:3   | Killed a mana viper
 10740 | Lair:3   | XOM: mild Necr miscast
 10821 | Lair:3   | XOM: torment (47/91 hp)
 10846 | Lair:3   | Gained mutation: Your flesh is heat resistant. (rF+) [demonic ancestry]
 10846 | Lair:3   | Reached XP level 12. HP: 46/97 MP: 12/12
 11012 | Lair:4   | Found a staircase to the Shoals.
 11081 | Lair:4   | XOM: swap monsters
 11087 | Lair:4   | XOM: 1-stop teleportation journey
 11232 | Lair:5   | XOM: give mutations
 11232 | Lair:5   | Lost mutation: You are resistant to electric shocks. (rElec) [Xom's mischief]
 11232 | Lair:5   | Lost mutation: Your flesh is cold resistant. (rC+) [Xom's mischief]
 11409 | Lair:4   | XOM: draining
 11459 | Lair:4   | XOM: summons 5 hostile shadow creatures
 11569 | Lair:4   | XOM: swap monsters
 11644 | Lair:4   | XOM: noise
 11730 | Lair:4   | Noticed a five-headed hydra
 11737 | Lair:4   | Killed a five-headed hydra
 11935 | Lair:5   | Found a runed door.
 11984 | Lair:5   | XOM: noise
 12081 | Lair:5   | XOM: medium Tloc miscast
 12228 | Lair:5   | XOM is BORED!
 12228 | Lair:5   | XOM: medium Chrm miscast
 12279 | Lair:5   | XOM: silly message
 12338 | Lair:5   | Noticed an eight-headed hydra
 12350 | Lair:5   | Killed an eight-headed hydra
 12400 | Lair:5   | XOM: harmless Necr miscast
 12499 | Lair:5   | Noticed an eight-headed hydra
 12508 | Lair:5   | Killed a 12-headed hydra
 12514 | Lair:5   | Reached skill level 11 in Unarmed Combat
 12679 | Lair:6   | Entered Level 6 of the Lair of Beasts
 12776 | Lair:6   | XOM: harmless Divn miscast
 12940 | Lair:6   | XOM: confuse monster(s)
 13000 | Lair:6   | XOM: harmless Hex miscast
 13109 | Lair:6   | Found a staircase to the Slime Pits.
 13170 | Lair:6   | XOM: noise
 13251 | Lair:6   | Noticed a death yak
 13255 | Lair:6   | XOM: enchant monster (bad)
 13277 | Lair:6   | Killed a death yak
 13565 | Lair:6   | XOM: harmless Ice miscast
 13581 | Lair:6   | Got a scorched ruby amulet
 13582 | Lair:6   | Identified the amulet "Vamnusaz" {Inacc rElec rC+ Dex+3 SInv} (You found it on level 6 of the Lair of Beasts)
 13599 | Lair:6   | Noticed an anaconda
 13606 | Lair:6   | XOM: harmless Pois miscast
 13608 | Lair:6   | Killed an anaconda
 13615 | Lair:6   | Noticed a dire elephant
 13615 | Lair:6   | Noticed a dire elephant
 13621 | Lair:6   | Noticed a dire elephant
 13624 | Lair:6   | XOM: harmless Ice miscast
 13793 | Lair:6   | Killed a dire elephant
 13803 | Lair:6   | Noticed a dire elephant
 13805 | Lair:6   | Noticed a dire elephant
 13813 | Lair:6   | Killed a dire elephant
 13824 | Lair:6   | Killed a dire elephant
 13824 | Lair:6   | Reached skill level 10 in Armour
 13956 | Lair:6   | Killed a dire elephant
 13956 | Lair:6   | Reached skill level 12 in Unarmed Combat
 13956 | Lair:6   | Gained mutation: You are immune to clouds of flame. [demonic ancestry]
 13956 | Lair:6   | Reached XP level 13. HP: 90/106 MP: 13/13
 13977 | Lair:6   | Killed a dire elephant
 14091 | Lair:6   | Noticed a dire elephant
 14098 | Lair:6   | XOM: potion effect (haste)
 14101 | Lair:6   | Killed a dire elephant
 14179 | Lair:6   | XOM: harmless Conj miscast
 14513 | D:11     | XOM: confuse monster(s)
 14577 | D:11     | XOM: smoke on damage
 14702 | D:11     | XOM: smoke on damage
 14725 | D:11     | XOM: smoke on damage
 15048 | D:11     | XOM: enchant monster (bad)
 15112 | D:11     | XOM: 7-stop teleportation journey
 15202 | D:11     | XOM: mild Air miscast
 15314 | D:11     | Reached skill level 1 in Shields
 15331 | D:11     | Learned a level 2 spell: Passwall
 15341 | D:11     | XOM: 5-stop teleportation journey
 15549 | D:12     | XOM: confusion (+ monsters)
 15589 | D:12     | XOM: confusion (+ monsters)
 15613 | D:12     | XOM: potion effect (berserk rage)
 15729 | D:12     | XOM: divination: detect items
 15809 | D:12     | Found Usintofur's Magic Scroll Shoppe.
 15891 | D:12     | XOM is BORED!
 15891 | D:12     | XOM: mild Erth miscast
 16092 | D:12     | Found a staircase to the Orcish Mines.
 16142 | D:13     | Noticed Shenda's ghost (journeyman VSFi)
 16142 | D:13     | Noticed MordorOrchid's ghost (journeyman TrBe)
 16143 | D:13     | XOM: confuse monster(s)
 16206 | D:13     | Found a labyrinth entrance.
 16216 | Lab      | Entered a labyrinth
 16429 | Lab      | Noticed a minotaur
 16443 | Lab      | Killed a minotaur
 16457 | Lab      | Identified Uqiru's Papyrus of Gliding Toxins
 16576 | D:13     | XOM: divination: detect creatures
 16619 | D:13     | XOM: blink monster(s)
 16625 | D:13     | XOM: cast spell 'Call Canine Familiar'
 16626 | D:13     | Reached skill level 13 in Unarmed Combat
 16710 | D:13     | XOM: divination: detect creatures
 16716 | D:13     | Killed Shenda's ghost
 16887 | D:13     | Got a bloodstained plate armour
 16902 | D:13     | Killed MordorOrchid's ghost
 16921 | D:13     | Identified the +7 plate armour of Yxyzyn {-Tele Regen+ Int+6 Stlth+} (You found it on level 13 of the Dungeon)
 17000 | D:13     | Identified a +0 rod of clouds (10/10) (You found it in a labyrinth)
 17009 | D:13     | Identified a scroll of acquirement
 17012 | D:13     | Got a steaming turquoise ring
 17014 | D:13     | Identified the ring of Wonder {*Confuse rPois rN+ EV+2 Stlth+} (You acquired it on level 13 of the Dungeon)
 17102 | D:13     | XOM: silly message
 17276 | D:12     | Bought a scroll of acquirement for 832 gold pieces
 17288 | D:12     | XOM: divination: magic mapping
 17354 | D:14     | XOM: harmless Fire miscast
 17410 | D:14     | XOM: potion effect (agility)
 17419 | D:14     | Reached skill level 10 in Dodging
 17427 | D:14     | Gained mutation: You have razor-sharp toenails. [demonic ancestry]
 17427 | D:14     | Reached XP level 14. HP: 110/116 MP: 14/14
 17452 | D:14     | XOM: mild Ice miscast
 17453 | D:14     | XOM: harmless Fire miscast
 17457 | D:14     | XOM: summons friendly crimson imp
 17461 | D:14     | XOM: enchant monster (good)
 17467 | D:14     | XOM: potion effect (haste)
 17487 | D:14     | XOM: harmless Fire miscast
 17491 | D:14     | XOM: confusion (+ monsters)
 17502 | D:14     | XOM: blink monster(s)
 17646 | D:14     | XOM: silly message
 17689 | D:14     | Found Feqo's Gadget Shoppe.
 17743 | D:14     | XOM: noise
 17752 | D:14     | XOM: blink monster(s)
 17759 | D:14     | XOM: confuse monster(s)
 17774 | D:14     | XOM: give mutations
 17774 | D:14     | Gained mutation: Your spells are a little harder to cast, but a little more powerful. [Xom's mischief]
 17774 | D:14     | Gained mutation: Scrolls take you a little longer to read. [Xom's mischief]
 17774 | D:14     | Lost mutation: Your spells are a little harder to cast, but a little more powerful. [Xom's mischief]
 17774 | D:14     | Lost mutation: Scrolls take you a little longer to read. [Xom's mischief]
 17779 | D:14     | XOM: enchant monster (bad)
 17783 | D:14     | XOM: harmless Ice miscast
 17792 | D:14     | XOM: enchant monster (good)
 18051 | D:14     | Found a shattered altar of Ashenzari.
 18066 | D:14     | Found a gate to the Vaults.
 18307 | D:14     | XOM: noise
 18366 | D:15     | Entered Level 15 of the Dungeon
 18384 | D:15     | XOM: polymorph smoke demon -> chaos spawn
 18386 | D:15     | XOM: divination: magic mapping
 18472 | D:15     | Reached skill level 14 in Unarmed Combat
 18625 | D:15     | XOM: enchant monster (bad)
 18831 | D:15     | XOM: harmless Tmut miscast
 19027 | D:15     | Reached skill level 5 in Shields
 19049 | D:15     | XOM: scenery: 1 doors close
 19058 | D:15     | Found a staircase to the Depths.
 19245 | D:15     | XOM: harmless Summ miscast
 19266 | D:15     | XOM: potion effect (curing)
 19268 | D:15     | XOM: cast spell 'Death Channel'
 19500 | Orc:1    | XOM: stealth player
 19500 | Orc:1    | Entered Level 1 of the Orcish Mines
 19562 | Orc:1    | Found a dark tunnel.
 19571 | Volcano  | Entered a volcano
 19665 | Volcano  | XOM: cleaving
 19884 | Orc:1    | Found a roughly hewn altar of Beogh.
 20172 | Orc:2    | Entered Level 2 of the Orcish Mines
 20173 | Orc:2    | XOM: polymorph orc -> giant newt
 20548 | Orc:2    | Got a distressingly furry chain mail
 20617 | Orc:2    | Found a staircase to the Elven Halls.
 20855 | Orc:2    | XOM: enchant monster (good)
 20868 | Orc:2    | XOM: polymorph orc -> adder
 20897 | Orc:2    | Found a roughly hewn altar of Beogh.
 20975 | Orc:2    | Reached XP level 15. HP: 94/124 MP: 15/15
 21006 | Orc:2    | Found Etuab's Weapon Emporium.
 21029 | Orc:2    | Found Qieguaw's Antique Armour Shoppe.
 21035 | Orc:2    | XOM: cleaving
 21037 | Orc:2    | XOM: fake destruction
 21049 | Orc:2    | Bought a glowing cloak for 148 gold pieces
 21228 | Orc:2    | Reached skill level 15 in Unarmed Combat
 21231 | Orc:2    | XOM: blink monster(s)
 21451 | Orc:2    | Noticed Saint Roka
 21457 | Orc:2    | XOM: noise
 21498 | Orc:2    | Reached skill level 1 in Spellcasting
 21501 | Orc:2    | XOM: cast spell 'Ice Form'
 21520 | Orc:2    | XOM: blink monster(s)
 21605 | Orc:2    | XOM: smoke on damage
 21612 | Orc:2    | XOM: confuse monster(s)
 21613 | Orc:2    | Killed Saint Roka
 21679 | Orc:2    | Found a roughly hewn altar of Beogh.
 21694 | Orc:2    | Found Maol's General Store.
 21740 | Orc:2    | Found Genoge's Book Shop.
 21753 | Orc:2    | XOM: enchant monster (good)
 21874 | Orc:2    | XOM: god gift: robe {god gift}
 21887 | Orc:2    | Upgraded the game from 0.19-a0-981-gaae9137 to 0.19-a0-994-g3c636f0
 21897 | Orc:2    | Identified the +8 chain mail "Roroud" {-Tele rPois rF++ SInv} (You found it on level 2 of the Orcish Mines)
 21919 | Orc:2    | XOM: noise
 21937 | Orc:1    | XOM: draining
 21943 | Orc:1    | XOM: polymorph orc -> bat
 21997 | Orc:1    | XOM: give mutations
 21997 | Orc:1    | Lost mutation: You are almost entirely resistant to further mutation and mutation removal. [Xom's mischief]
 21997 | Orc:1    | Gained mutation: You have very sharp teeth. [Xom's mischief]
 22148 | D:14     | XOM: repel stairs
 22178 | D:14     | Bought a wand of heal wounds (3/9) for 588 gold pieces
 22402 | Snake:1  | Entered Level 1 of the Snake Pit
 22426 | Lair:3   | XOM: summons friendly white imp
 22607 | Shoals:1 | Entered Level 1 of the Shoals
 22619 | Shoals:1 | XOM: smoke on damage
 22634 | Shoals:1 | XOM: enchant monster (bad)
 22868 | Shoals:1 | Noticed Josephine
 22869 | Shoals:1 | XOM: give mutations
 22869 | Shoals:1 | Gained mutation: You occasionally shout uncontrollably at your foes. [Xom's mischief]
 22869 | Shoals:1 | Lost mutation: You passively map a small area around you. [Xom's mischief]
 22879 | Shoals:1 | Killed Josephine
 23016 | Shoals:1 | XOM: swap monsters
 23157 | Shoals:1 | Noticed Aizul
 23166 | Shoals:1 | Killed Aizul
 23356 | Shoals:1 | XOM: summons 15 friendly demons
 23469 | Shoals:2 | Found a frozen archway.
 23494 | IceCv    | Entered an ice cave
 24186 | Shoals:2 | Learned a level 6 spell: Statue Form
 24343 | Shoals:2 | XOM: chaos upgrade
 24348 | Shoals:2 | Paralysed by a siren for 5 turns
 24365 | Shoals:2 | XOM: summons friendly ufetubus
 24406 | Shoals:2 | XOM: confuse monster(s)
 24485 | Shoals:2 | Reached skill level 16 in Unarmed Combat
 24490 | Shoals:2 | XOM: polymorph water nymph -> eye of devastation
 24494 | Shoals:2 | XOM: fog
 24509 | Shoals:2 | Blown up by an eye of devastation

Vault maps used:
D:1:      dpeg_arrival_pits, minmay_fountain_box
D:2:      nicolae_overflow_hidden_temple, tso_altar
D:3:      kennysheep_ying_yang, grunt_pakellas_sulfur, first_bread
D:4:      lemuel_tele_altar, uniq_robin
D:5:      grunt_qazlal_clouds, kiku_gazebo_pond_becter, serial_shops, shop,
          okawaru_metal_pillars_3
D:6:      minmay_cornered_nines, tgw_trog
D:7:      serial_shops, nicolae_shop_trees, uniq_pikel, uniq_crazy_yiuf_cottage
D:8:      grunt_temple_overflow_order_and_chaos_1, serial_shops,
          nicolae_shop_behind_doors, nicolae_ru_the_path_less_chosen, uniq_grum
D:9:      minmay_overflow_temple_star_quad, marbit_many_paths,
          uniq_prince_ribbit1
D:10:     dpeg_lair_monsters, serial_shops, shop
D:11:     david_nohive_1
D:12:     orc_0_dummy, serial_shops, shop_fountains
D:13:     lab_entry_generic
D:14:     erik_vaults_2, serial_shops, nicolae_shop_window_shopping,
          nicolae_ashenzari_panopticon, minmay_guarded_unrand_skullcrusher
D:15:     gammafunk_enter_depths_forms, roderic_curled_sauvastika
Lair:1:   serial_bayou_pond_e, uniq_gastronok
Lair:2:   tgw_fedhas, grunt_megastairs_3
Lair:3:   minmay_snake_entry_guardpost_medium
Lair:4:   elwin_shoals_entry_rocks, serial_bayou_shore_b
Lair:5:   pf_torpor_hydra
Lair:6:   due_jungle_book, minmay_slime_entry_pillars, st_stairs_9
Shoals:1: dpeg_stationary_puzzle, uniq_aizul, uniq_josephine
Shoals:2: portal_ice_cave_entry_pillars_four
Snake:1:  nicolae_snake_round_shape_thing, grunt_megastairs_1,
          minmay_shop_grove, serial_bayou_shore_b
Orc:1:    enter_volcano_2, kennysheep_orc_chapel
Orc:2:    pubby_orc_utopia
Lab:      labyrinth_mini_lab, lab_statue, nicolae_lab_blocks,
          nicolae_lab_checkerboard, nicolae_lab_quarters, nicolae_lab_diamond,
          nicolae_lab_hexagon, labyrinth_fake_exit, lab_block,
          nicolae_lab_flowing_pool, labyrinth_lava_lair
IceCv:    ice_cave_caverns_01
Volcano:  volcano_aerie

Skill      XL: |  1  2  3  4  5  6  7  8  9 10 11 12 13 14 15 |
---------------+----------------------------------------------+-----
Unarmed Combat | 3 4 5 6 7 8 9 10 12 13 14 16 | 16.0
Dodging        | 1 2 3 4 5 6 7 9 10 | 10.0
Fighting       | 4 5 6 7 9 10 11 12 13 | 13.7
Armour         | 3 4 5 7 8 10 | 10.6
Shields        | 3 6 8 |  8.7
Spellcasting   | 2 |  2.7

Action                   |  1- 3 |  4- 6 |  7- 9 | 10-12 | 13-15 || total
-------------------------+-------+-------+-------+-------+-------++-------
Melee: Unarmed           |   140 |   201 |   312 |   885 |  2038 ||  3576
       Punch             |     3 |     4 |    10 |    34 |    19 ||    70
       Kick              |       |    30 |    66 |   248 |   621 ||   965
       Tailslap          |       |       |       |     1 |       ||     1
       Scimitar          |       |       |       |       |    21 ||    21
       Bite              |       |       |       |       |    63 ||    63
Throw: Javelin           |       |       |       |       |    19 ||    19
 Abil: Breathe Fire      |       |       |       |     1 |       ||     1
Evoke: Wand              |       |       |       |     4 |     4 ||     8
  Use: Scroll            |     6 |     1 |    10 |    14 |    13 ||    44
       Potion            |       |     4 |     2 |     6 |    10 ||    22
 Stab: Distracted        |     1 |       |     3 |     1 |     6 ||    11
       Sleeping          |     1 |       |     1 |       |       ||     2
       Invisible         |       |       |       |     4 |       ||     4
       Confused          |       |       |       |     2 |     5 ||     7
  Eat: Chunk             |     3 |     6 |    11 |    21 |    22 ||    63
       Fruit             |       |       |       |     1 |     7 ||     8
       Royal jelly       |       |       |       |     1 |       ||     1
       Pizza             |       |       |       |       |     2 ||     2
       Beef jerky        |       |       |       |       |     5 ||     5
Armor: Leather armour    |    37 |    20 |       |       |       ||    57
       Ring mail         |       |    58 |   103 |   104 |       ||   265
       Skin              |       |    10 |       |     3 |       ||    13
       Plate armour      |       |       |       |   398 |  1006 ||  1404
Dodge: Dodged            |    74 |   133 |   174 |   464 |   560 ||  1405
Block: Shield            |       |       |       |       |   882 ||   882
       Other             |       |       |       |       |     4 ||     4
       Reflection        |       |       |       |       |    31 ||    31
